AoeStats
← Franghis Khan

Arena

510046445Analyzed
4v4 RM · 4d ago on Sep 29, 2026· 61m 49s· 8 players
Game mode
Random Map
Map size
Large (8 player)
Population
200
Speed
Normal
Resources
Standard
Victory
Conquest
Starting age
Dark Age
Ending age
Imperial Age
RankedLock teamsTeams togetherTeam positionsShared explorationLock speedFull tech treeHidden civsTurbo modeCheats
Victory
Defeat
🇹🇷 Portuguese · Türkiye
817
+13
🇲🇽 Mongols · Mexico
810
+13
🇨🇳 Persians · China
800
+14
🇨🇳 Celts · China
791
+14
🇺🇸 Lithuanians · United States
799
-15
🇦🇷 Franks · Argentina
748
-13
🇯🇵 Japanese · Japan
741
-13
🇪🇸 Bohemians · Spain
731
-13
T.S | Mo
1:59 Loom
15:07 Feudal Age
15:40 Stone Mining
15:40 Gold Mining
15:37 Double-Bit Axe
15:33 Horse Collar
27:46 Castle Age
26:41 Man-at-Arms
27:06 Arson
28:02 Wheelbarrow
28:45 Bow Saw
28:36 Heavy Plow
28:45 Pikeman
29:25 Squires
30:05 Fervor
31:12 Treadmill Crane
31:27 Murder Holes
31:43 Masonry
35:07 Imperial Age
34:53 Husbandry
35:04 Bloodlines
35:14 Cavalier
36:17 Conscription
35:24 Halberdier
37:12 Stone Shaft Mining
38:37 Town Watch
40:49 Two-Man Saw
42:05 Theocracy
41:46 Block Printing
41:58 Illumination
42:04 Architecture
41:34 Paladin
43:21 Herbal Medicine
44:57 Forging
44:52 Scale Barding Armor
44:47 Scale Mail Armor
44:38 Fletching
45:40 Hoardings
46:42 Long Swordsman
48:36 Hand Cart
49:04 Caravan
51:37 Iron Casting
51:22 Chain Barding Armor
51:18 Chain Mail Armor
50:59 Bodkin Arrow
52:21 Town Patrol
56:38 Long Swordsman
Franghis Khan
10:58 Feudal Age
10:00 Loom
11:25 Double-Bit Axe
18:50 Castle Age
18:58 Forging
18:53 Scale Barding Armor
22:46 Husbandry
24:39 Bow Saw
24:21 Stone Mining
27:10 Scale Mail Armor
29:12 Gold Mining
29:36 Fletching
29:46 Padded Archer Armor
30:23 Iron Casting
30:08 Chain Barding Armor
29:25 Elite Skirmisher
33:56 Wheelbarrow
41:45 Imperial Age
41:38 Bodkin Arrow
41:58 Leather Archer Armor
44:48 Cavalier
zamuee14
11:20 Feudal Age
19:03 Castle Age
18:23 Double-Bit Axe
18:21 Horse Collar
20:12 Wheelbarrow
21:35 Hand Cart
22:04 Bow Saw
30:24 Imperial Age
27:41 Loom
30:54 Ballistics
31:36 Chemistry
30:48 Heavy Plow
32:09 Wagenburg Tactics
31:28 Elite Hussite Wagon
35:48 Two-Man Saw
35:09 Houfnice
36:18 Caravan
40:30 Conscription
40:18 Hussite Reforms
39:45 Sappers
RuinMireia
13:00 Feudal Age
14:22 Double-Bit Axe
16:58 Castle Age
15:01 Horse Collar
17:51 Bow Saw
17:43 Heavy Plow
18:39 Loom
19:14 Scale Mail Armor
19:04 Gambesons
19:05 Arson
22:12 Squires
23:35 Wheelbarrow
25:22 Chain Mail Armor
25:45 Forging
29:28 Hand Cart
29:27 Gold Mining
34:44 Imperial Age
32:39 Padded Archer Armor
32:30 Fletching
33:29 Ballistics
33:23 Masonry
33:34 Thumb Ring
32:50 Crossbowman
33:23 Pikeman
34:29 Bodkin Arrow
34:49 Leather Archer Armor
36:31 Chemistry
36:37 Gold Shaft Mining
36:44 Conscription
36:54 Arbalester
37:52 Bracer
38:23 Ring Archer Armor
39:41 Siege Engineers
39:59 Onager
42:01 Fortified Wall
MedicenKarly
1:02 Loom
10:48 Feudal Age
11:49 Double-Bit Axe
12:40 Wheelbarrow
19:25 Castle Age
18:02 Stone Mining
30:09 Gold Mining
30:34 Bow Saw
30:09 Horse Collar
30:35 Padded Archer Armor
30:58 Fletching
32:54 Gold Shaft Mining
32:57 Bodkin Arrow
34:10 Leather Archer Armor
36:29 Ballistics
36:51 Stone Shaft Mining
36:26 Heavy Plow
38:58 Nomads
39:55 Thumb Ring
41:21 Bloodlines
41:11 Husbandry
44:24 Imperial Age
44:26 Elite Mangudai
47:09 Chemistry
46:15 Bracer
47:05 Conscription
48:14 Masonry
47:36 Capped Ram
48:57 Parthian Tactics
54:44 Caravan
Külekcikss
0:30 Loom
8:42 Feudal Age
10:43 Wheelbarrow
10:59 Double-Bit Axe
11:20 Horse Collar
17:17 Stone Mining
19:43 Castle Age
18:19 Stone Mining
18:24 Gold Mining
20:06 Padded Archer Armor
19:57 Fletching
23:31 Bow Saw
26:59 Heavy Plow
29:45 Town Watch
30:29 Fortified Wall
31:15 Hand Cart
32:00 Town Patrol
32:35 Bodkin Arrow
32:55 Leather Archer Armor
33:07 Ballistics
37:53 Imperial Age
36:02 Stone Shaft Mining
36:24 Circumnavigation
36:41 Forging
36:29 Murder Holes
37:45 Treadmill Crane
38:16 Masonry
39:41 Chemistry
39:16 Crop Rotation
40:53 Arquebus
42:48 Conscription
44:07 Coinage
43:38 Caravan
43:51 Guilds
44:47 Ring Archer Armor
47:02 Elite Organ Gun
48:33 Architecture
51:02 Banking
58:45 Bracer
59:21 Iron Casting
58:39 Heated Shot
伐伐伐伐木工
12:32 Feudal Age
13:09 Double-Bit Axe
13:07 Horse Collar
16:23 Wheelbarrow
15:55 Gold Mining
22:19 Castle Age
21:14 Stone Mining
22:48 Husbandry
24:07 Bow Saw
25:05 Hand Cart
29:59 Masonry
31:00 Gold Shaft Mining
31:00 Stone Shaft Mining
31:00 Loom
31:01 Town Watch
33:34 Stone Shaft Mining
36:52 Imperial Age
34:28 Town Patrol
36:23 Kamandaran
36:42 Forging
36:34 Scale Mail Armor
37:02 Ballistics
38:34 Chemistry
38:05 Architecture
39:26 Two-Man Saw
38:46 Onager
42:59 Elite War Elephant
48:11 Citadels
49:19 Cavalier
49:21 Light Cavalry
50:11 Bloodlines
Nick76Luo
9:46 Feudal Age
14:02 Castle Age
12:14 Horse Collar
13:38 Double-Bit Axe
21:22 Bow Saw
22:37 Heavy Plow
22:46 Stone Mining
23:29 Gold Mining
24:22 Wheelbarrow
23:33 Town Watch
24:26 Wheelbarrow
24:40 Gold Shaft Mining
25:51 Hand Cart
25:25 Loom
27:20 Stone Shaft Mining
33:12 Imperial Age
31:16 Fletching
33:11 Bodkin Arrow
33:27 Forging
33:17 Scale Mail Armor
34:18 Furor Celtica
34:30 Conscription
34:09 Murder Holes
34:20 Siege Engineers
34:25 Masonry
34:38 Ballistics
34:23 Devotion
34:19 Herbal Medicine
33:55 Capped Ram
33:56 Heavy Scorpion
34:39 Stronghold
35:12 Pikeman
35:37 Arson
36:29 Iron Casting
36:10 Chain Mail Armor
36:10 Halberdier
36:14 Siege Ram
44:04 Onager
46:15 Siege Onager
49:18 Blast Furnace
48:49 Plate Mail Armor
49:24 Chemistry
48:33 Scale Barding Armor
48:40 Guilds
48:31 Caravan
50:32 Siege Onager
56:08 Faith
Connection lost

Rejoining the realm…

Still unreachable

The connection could not be restored.

Session expired

The server has moved on; the page needs a fresh start.